 Dungeon Crawl Stone Soup version 0.30-a0-1043-g60ff8d5f49 (webtiles) character file.

Game seed: 9421847307709226790

588 pokeman the Magician (level 7, 0/40 HPs)
             Began as a Deep Elf Hedge Wizard on Apr 9, 2023.
             Slain by an iguana (10 damage)
             ... on level 4 of the Dungeon.
             The game lasted 00:08:26 (3787 turns).

pokeman the Magician (Deep Elf Hedge Wizard)        Turns: 3787, Time: 00:08:27

Health: 0/40       AC:  3    Str:  7    XL:     7   Next: 15%
Magic:  15/20      EV: 13    Int: 21    God:
Gold:   193        SH:  0    Dex: 14    Spells: 13/21 levels left

rFire   . . .      SeeInvis .    k - +2 dagger (elec)
rCold   . . .      Faith    .    (no shield)
rNeg    . . .      Spirit   .    b - +0 robe
rPois   .          Reflect  .    r - +0 helmet
rElec   .          Rampage  .    (no cloak)
rCorr   .                        (no gloves)
Will    .....                    (no boots)
Stlth   ++                       (no amulet)
HPRegen 0.26/turn                (no ring)
MPRegen 0.17/turn                (no ring)

@: no status effects
A: no striking features
a: no special abilities


You were on level 4 of the Dungeon.
You visited 1 branch of the dungeon, and saw 4 of its levels.

You collected 193 gold pieces.

Inventory:

Hand Weapons
 k - a +2 dagger of electrocution (weapon)
Armour
 b - a +0 robe (worn)
 r - a +0 helmet (worn)
Scrolls
 e - 4 scrolls of identify {unknown}
 f - 2 scrolls of amnesia {unknown}
 h - 3 scrolls of poison {unknown}
 i - a scroll of noise {unknown}
 j - 2 scrolls of blinking {unknown}
 l - 2 scrolls of enchant weapon {unknown}
 m - a scroll of teleportation {unknown}
 o - 3 scrolls of fear {unknown}
 q - a scroll of magic mapping {unknown}
 s - a scroll of immolation {unknown}
Potions
 a - 2 potions of flight {unknown}
 c - a potion of brilliance {unknown}
 d - a potion of magic
 g - 3 potions of heal wounds {unknown}
 n - a potion of resistance {unknown}
 p - a potion of curing {unknown}
 t - a potion of might {unknown}
 u - a potion of attraction {unknown}


   Skills:
 - Level 2.0 Fighting
 + Level 1.0 Armour
 - Level 3.0 Dodging
 - Level 3.0 Stealth
 * Level 7.8 Spellcasting
 + Level 3.7 Conjurations
 + Level 2.6 Summonings
 - Level 1.1 Translocations
 - Level 1.0 Air Magic
 - Level 1.0 Poison Magic


You had 13 spell levels left.
You knew the following spells:

 Your Spells              Type           Power      Damage    Failure   Level
a - Magic Dart            Conj           92%        1d7       1%          1
b - Mephitic Cloud        Conj/Pois/Air  16%        N/A       11%         3
c - Call Imp              Summ           38%        N/A       4%          2
d - Blink                 Tloc           24%        N/A       8%          2

Your spell library contained the following spells:

 Spells                   Type           Power      Damage    Failure   Level
 Slow                     Hex            32%        N/A       9%          1
 Cigotuvi's Dreadful Rot  Necr/Pois/Air  22%        N/A       10%         2


Dungeon Overview and Level Annotations

Branches:
Dungeon (4/15)
 Temple: D:4-7

Altars:

Annotations:
D:4 2 transporters, rinse's ghost, weakling KoDe


Message History

The magic dart hits the iguana.
The iguana is severely wounded.
The iguana barely misses you.
Unknown command.
Casting: Magic Dart (safe; 1% risk of failure)
Confirm with . or Enter, or press ? or * to list all spells.
Aiming: Magic Dart (safe; 1% risk of failure)
Press: ? - help, Shift-Dir - straight line, f/p - iguana
Aim: an iguana (severely wounded, 100% to hit)
The magic dart hits the iguana but does no damage.
The iguana is severely wounded.
The iguana bites you!
Unknown command.
Casting: Magic Dart (safe; 1% risk of failure)
Confirm with . or Enter, or press ? or * to list all spells.
Aiming: Magic Dart (safe; 1% risk of failure)
Press: ? - help, Shift-Dir - straight line, f/p - iguana
Aim: an iguana (severely wounded, 100% to hit)
The magic dart hits the iguana but does no damage.
The iguana is severely wounded.
The iguana barely misses you.
Unknown command.
Casting: Magic Dart (safe; 1% risk of failure)
Confirm with . or Enter, or press ? or * to list all spells.
Aiming: Magic Dart (safe; 1% risk of failure)
Press: ? - help, Shift-Dir - straight line, f/p - iguana
Aim: an iguana (severely wounded, 100% to hit)
The magic dart hits the iguana.
The iguana is almost dead.
The iguana bites you!
* * * LOW HITPOINT WARNING * * *
Casting: Magic Dart (safe; 1% risk of failure)
Confirm with . or Enter, or press ? or * to list all spells.
Aiming: Magic Dart (safe; 1% risk of failure)
Press: ? - help, Shift-Dir - straight line, f/p - iguana
Aim: an iguana (almost dead, 100% to hit)
The magic dart hits the iguana but does no damage.
The iguana is almost dead.
The iguana bites you!
You die...

#####.## ##@l....##.
#.#....##..
##.##...#.......#.#.
#...#...............
#...##........##....
#.............#.....
####..........#.....
#####...###...##.....
###.#...........##....#


You could see an iguana.

Vanquished Creatures
  3 ogres (D:4)
  2 scorpions
  An orc priest (D:4)
  A sleepcap (D:4)
  Robin (D:4)
  6 adders
  A worm (D:3)
  3 dart slugs
  5 orcs
  6 ball pythons
  3 bats
  7 endoplasms
  2 giant cockroaches
  15 goblins
  9 hobgoblins
  4 quokkas
  2 frilled lizards
  3 kobolds
  5 rats
79 creatures vanquished.

Vanquished Creatures (collateral kills)
  A hobgoblin (D:4)
1 creature vanquished.

Grand Total: 80 creatures vanquished

Notes
Turn   | Place    | Note
-------+----------+-------------------------------------------
     0 | D:1      | pokeman the Deep Elf Hedge Wizard began the quest for the
                  | Orb.
     0 | D:1      | Reached XP level 1. HP: 10/10 MP: 7/7
   272 | D:1      | Reached XP level 2. HP: 15/15 MP: 6/9
   835 | D:1      | Reached skill level 5 in Spellcasting
  1152 | D:2      | Reached XP level 3. HP: 20/20 MP: 8/11
  1156 | D:2      | Learned a level 3 spell: Mephitic Cloud
  1159 | D:2      | Learned a level 2 spell: Call Imp
  1162 | D:2      | Learned a level 2 spell: Blink
  1258 | D:2      | Reached skill level 1 in Armour
  1602 | D:2      | Reached skill level 1 in Fighting
  2304 | D:3      | Noticed a scorpion
  2326 | D:3      | Killed a scorpion
  2327 | D:3      | Reached XP level 4. HP: 18/25 MP: 2/13
  2495 | D:3      | Reached skill level 6 in Spellcasting
  2495 | D:3      | Reached XP level 5. HP: 29/29 MP: 7/15
  2846 | D:4      | Noticed rinse's ghost (weakling KoDe)
  2855 | D:4      | Found a transporter.
  3103 | D:4      | Reached skill level 1 in Air Magic
  3103 | D:4      | Reached skill level 1 in Poison Magic
  3147 | D:4      | Found a transporter.
  3171 | D:4      | Noticed an ogre
  3179 | D:4      | Killed an ogre
  3180 | D:4      | Reached XP level 6. HP: 30/34 MP: 4/17
  3315 | D:4      | Noticed Robin
  3330 | D:4      | Killed Robin
  3331 | D:4      | Reached skill level 7 in Spellcasting
  3506 | D:4      | Reached XP level 7. HP: 35/40 MP: 2/20
  3787 | D:4      | Slain by an iguana

Illustrated notes

Levels and vault maps discovered:
D:1:      amcnicky_arrival_wind_blow, layout_basic, minmay_pentomino_z2
D:2:      layout_basic
D:3:      layout_rooms
D:4:      layout_cave_pools, gammafunk_ghost_stat_death, uniq_robin

Skill      XL: |  1  2  3  4  5  6 |
---------------+-------------------+-----
Spellcasting   | 5 6 7 |  7.8
Armour         | 1 |  1.0
Fighting       | 1 2 |  2.0
Conjurations   | 2 3 |  3.7
Dodging        | 3 |  3.0
Stealth        | 3 |  3.0
Air Magic      | 1 |  1.0
Poison Magic   | 1 |  1.0
Summonings     | 2 |  2.6
Translocations | |  1.1

Action                     |  1- 3 |  4- 6 |  7- 9 || total
---------------------------+-------+-------+-------++-------
  Melee: Dagger            |    15 |    36 |     3 ||    54
   Cast: Magic Dart        |   100 |    82 |     9 ||   191
         Mephitic Cloud    |     1 |     7 |       ||     8
         Blink             |     1 |       |       ||     1
         Call Imp          |       |     1 |       ||     1
   Stab: Confused          |       |     2 |       ||     2
         Sleeping          |       |       |     1 ||     1
 Armour: Robe              |     1 |     6 |       ||     7
  Dodge: Dodged            |    10 |    44 |     3 ||    57

Table legend: (Time is in decaauts)
 A = Elapsed time spent in this place.
 B = Non-inter-level travel time spent in this place.
 C = Inter-level travel time spent in this place.
 D = Time resting spent in this place.
 E = Time spent auto-exploring this place.
 F = Levels seen in this place.
 G = Mean time per level.
                   A        B        C        D        E       F      G
               +--------+--------+--------+--------+--------+-----+--------+
         Total |   3785 |   3646 |    139 |    209 |   2921 |   4 |  946.2 |
       Dungeon |   3785 |   3646 |    139 |    209 |   2921 |   4 |  946.2 |
               +--------+--------+--------+--------+--------+-----+--------+

Top non-repeatable levels by time:
     D:2: 1161 daAuts
     D:1: 1042 daAuts
     D:4: 961 daAuts
     D:3: 619 daAuts
